 Dungeon Crawl Stone Soup version 0.30-b1-2-g02819fbbbe (webtiles) character file.

Game seed: 14953652712755241486

37 raph the Caller (level 3, -1/19 HPs)
             Began as a Deep Elf Summoner on Dec 16, 2023.
             Slain by an adder (3 damage)
             ... on level 2 of the Dungeon.
             The game lasted 00:02:10 (1147 turns).

raph the Caller (Deep Elf Summoner)                 Turns: 1147, Time: 00:02:11

Health: -1/19      AC:  2    Str:  5    XL:     3   Next: 23%
Magic:  7/10       EV: 12    Int: 21    God:
Gold:   92         SH:  0    Dex: 15    Spells: 3/9 levels left

rFire   . . .        b - +0 shortbow
rCold   . . .        (shield currently unavailable)
rNeg    . . .        f - +0 robe
rPois   .            (no helmet)
rElec   .            (no cloak)
rCorr   .            (no gloves)
SInv    .            (no boots)
Will    .....        (no amulet)
Stlth   ++           (no ring)
HPRegen 0.23/turn    (no ring)
MPRegen 0.12/turn

%: no passive effects
@: lethally poisoned (-1 -> -3)
A: no striking features
a: no special abilities


You were on level 2 of the Dungeon.
You visited 1 branch of the dungeon, and saw 2 of its levels.

You collected 92 gold pieces.

Inventory:

Hand Weapons
 b - a +0 shortbow (weapon)
Missiles
 m - 4 poisoned darts
Armour
 f - a +0 robe (worn)
Magical Staves
 a - a staff of air
 k - a staff of cold
 n - a staff of poison
Scrolls
 c - 3 scrolls of teleportation {unknown}
 d - a scroll of torment {unknown}
 g - a scroll of identify {unknown}
 i - a scroll of amnesia {unknown}
 j - a scroll of poison {unknown}
 s - a scroll of blinking {unknown}
 t - a scroll of magic mapping {unknown}
Potions
 e - 2 potions of mutation {unknown}
 h - a potion of flight {unknown}
 l - a potion of heal wounds {unknown}
 o - 2 potions of curing {unknown}
 p - a potion of magic
 q - a potion of lignification {unknown}
 r - a potion of haste {unknown}


   Skills:
 - Level 2.4 Dodging
 - Level 2.4 Stealth
 + Level 3.8 Spellcasting
 * Level 5.2 Summonings


You had 3 spell levels left.
You knew the following spells:

 Your Spells              Type           Power      Damage    Failure   Level
a - Summon Small Mammal   Summ           100%       N/A       1%          1
b - Call Imp              Summ           52%        N/A       2%          2
c - Call Canine Familiar  Summ           26%        N/A       4%          3

Your spell library contained the following spells:

 Spells                   Type           Power      Damage    Failure   Level
 Summon Guardian Golem    Hex/Summ       15%        N/A       12%         3
 Summon Lightning Spire   Summ/Air       15%        N/A       38%         4


Dungeon Overview and Level Annotations

Branches:
Dungeon (2/15)

Altars:


Message History

No target in view!
Found a stone staircase leading up.
There is a stone staircase leading down here.
A bat comes into view.
You shoot an arrow. The arrow hits the bat!
You kill the bat!
No target in view!
t - a scroll labelled EPOVOUNAUDUH An adder comes into view.
You shoot an arrow. The arrow closely misses the adder.
You shoot an arrow. The arrow barely misses the adder.
You shoot an arrow. The arrow misses the adder.
You shoot an arrow. The arrow hits the adder.
The adder is heavily wounded.
The adder misses you. The adder bites you.
You shoot an arrow. The arrow closely misses the adder.
The adder misses you. The adder bites you but does no damage.
You shoot an arrow. The arrow hits the adder.
The adder is severely wounded.
The adder bites you. The adder closely misses you.
You shoot an arrow. The arrow closely misses the adder.
The adder closely misses you. The adder bites you.
You are poisoned.
The adder poisons you!
You shoot an arrow. The arrow misses the adder.
You feel sick. The adder bites you. x2
You are too injured to fight recklessly!
You are too injured to fight recklessly!
Casting: Summon Small Mammal (safe; 1% risk of failure)
Confirm with . or Enter, or press ? or * to list all spells.
A tiny devil pulls itself out of the air.
You feel sick. The adder bites you.
* * * LOW HITPOINT WARNING * * *
Casting: Call Imp (safe; 2% risk of failure)
Confirm with . or Enter, or press ? or * to list all spells.
* * * LOW HITPOINT WARNING * * *
You feel sick. The adder bites you.
* * * LOW HITPOINT WARNING * * *
The adder bites you.
You die...

#......#...#.#..........#
#.###.
.......#.....##...##>#.#
#.....
#.########.####.#......#
#####. #. #.........##..#
##...[
#......#.###..####..###
##......#......#.#..####
.......5..#.#...........
#.......##.#....##.....
#..##.@r...............
#†#S.....>#.##.....
#.#.#<...##.##.####
#.#.###..##....#
.........##.##.#
............. .#
#........###.# #.......##
.. ##.###


You could see an adder (ally target), a friendly cerulean imp (summoned) and a
friendly quokka (summoned).

Vanquished Creatures
  An endoplasm (D:2)
  A goblin (D:1)
  A jackal (D:1)
  A kobold (D:2)
  3 bats
  A frilled lizard (D:2)
  A rat (D:1)
9 creatures vanquished.

Vanquished Creatures (collateral kills)
  An adder (D:2)
  2 dart slugs (D:1)
  A hobgoblin (D:1)
  3 jackals (D:1)
  A ball python (D:1)
  A bat (D:1)
  A frilled lizard (D:2)
  4 kobolds (D:1)
  2 rats
16 creatures vanquished.

Grand Total: 25 creatures vanquished

Notes
Turn   | Place    | Note
-------+----------+-------------------------------------------
     0 | D:1      | raph the Deep Elf Summoner began the quest for the Orb.
     0 | D:1      | Reached XP level 1. HP: 10/10 MP: 6/6
   110 | D:1      | Reached XP level 2. HP: 14/15 MP: 6/8
   378 | D:1      | Learned a level 2 spell: Call Imp
   476 | D:1      | Reached skill level 5 in Summonings
   967 | D:2      | Reached XP level 3. HP: 5/19 MP: 8/10
   971 | D:2      | Learned a level 3 spell: Call Canine Familiar
  1147 | D:2      | Slain by an adder

Illustrated notes

Levels and vault maps discovered:
D:1:      kennysheep_arrival_seaside, layout_loops_cross, corexii_hall_statues_i
D:2:      layout_basic

Skill      XL: |  1  2 |
---------------+-------+-----
Summonings     | 5 |  5.2
Dodging        | |  2.4
Stealth        | |  2.4
Spellcasting   | |  3.8

Action                     || total
---------------------------++-------
  Melee: Staff             ||    41
   Fire: Shortbow          ||    11
   Cast: Summon Small Mamm ||    16
         Call Imp          ||     3
   Stab: Sleeping          ||     1
 Armour: Robe              ||    12
  Dodge: Dodged            ||    38
